 Dungeon Crawl Stone Soup version 0.28.0-56-g4927b6849a (webtiles) character file.

Game seed: 10013119154353503289

148591 cbfl8 the Executioner (level 16, -2/159 HPs)
             Began as a Minotaur Berserker on Jan 24, 2023.
             Was a High Priest of Trog.
             Slain by the 27-headed Lernaean hydra (10 damage)
             ... on level 4 of the Swamp.
             The game lasted 01:07:07 (45802 turns).

cbfl8 the Executioner (Minotaur Berserker)         Turns: 45802, Time: 01:07:07

Health: -2/159     AC: 20    Str: 28    XL:     16   Next: 94%
Magic:  0/15       EV: 20    Int:  4    God:    Trog [*****.]
Gold:   4306       SH:  0    Dex: 18    Spells: 15/15 levels left

rFire   x . .      SeeInvis .   w - +7 executioner's axe (flame)
rCold   + + .      Faith    .   (shield currently unavailable)
rNeg    . . .      Spirit   +   N - +0 ice dragon scales
rPois   .          Reflect  .   b - +0 hat
rElec   .          Harm     .   O - scarf {+Inv}
rCorr   .          Rampage  .   Q - +1 pair of gloves {Stlth+}
Will    +....                   a - +0 pair of boots
Stlth   +++.......              s - amulet of guardian spirit
HPRegen 0.36/turn               t - +6 ring of strength
MPRegen 0.14/turn               e - +4 ring of evasion

@: on berserk cooldown, invisible
A: horns 2, retaliatory headbutt
a: Renounce Religion, Evoke Invisibility, Berserk, Trog's Hand, Brothers in Arms


You were on level 4 of the Swamp.
You worshipped Trog.
Trog was extremely pleased with you.
You visited 4 branches of the dungeon, and saw 27 of its levels.
You visited the Abyss 1 time.
You also visited: Bailey, Ice Cave and Volcano.

You collected 4306 gold pieces.

Inventory:

Hand Weapons
 w - a +7 executioner's axe of flaming (weapon)
 M - a +1 spectral battleaxe
Missiles
 c - a throwing net
Armour
 a - a +0 pair of boots (worn)
 b - a +0 hat (worn)
 N - +0 ice dragon scales (worn)
 O - a scarf of invisibility (worn)
 Q - a +1 pair of gloves of stealth (worn)
Jewellery
 e - a +4 ring of evasion (right hand)
 s - an amulet of guardian spirit (around neck)
 t - a +6 ring of strength (left hand)
 P - a +4 ring of evasion
 U - a ring of protection from fire
Wands
 f - a wand of polymorph (9)
 y - a wand of charming (11)
 B - a wand of iceblast (18) (quivered)
 C - a wand of paralysis (11)
 F - a wand of flame (77)
 K - a wand of acid (29)
 L - a wand of mindburst (21)
Scrolls
 g - 6 scrolls of fear
 h - 10 scrolls of immolation
 j - 5 scrolls of magic mapping
 l - a scroll of summoning
 m - a scroll of enchant armour
 q - 5 scrolls of enchant weapon
 u - 2 scrolls of brand weapon
 A - 6 scrolls of fog
 E - 7 scrolls of noise
 I - 2 scrolls of acquirement
 J - a scroll of identify
 W - 2 scrolls of silence
Potions
 i - 5 potions of flight
 k - 2 potions of lignification
 n - 5 potions of berserk rage
 o - 7 potions of haste
 p - 5 potions of invisibility
 r - 4 potions of attraction
 v - 6 potions of curing
 z - 3 potions of mutation
 D - a potion of resistance
 G - a potion of cancellation
 H - 2 potions of might
 R - a potion of magic
 T - 2 potions of ambrosia
Miscellaneous
 S - a phial of floods
 V - a box of beasts


   Skills:
 + Level 18.5 Fighting
 + Level 24.2 Axes
 + Level 0.4 Throwing
 + Level 16.1 Armour
 + Level 9.7 Dodging
 + Level 6.1 Stealth
 + Level 2.7 Evocations


You had 15 spell levels left.
You didn't know any spells.
Your spell library was empty.

Dungeon Overview and Level Annotations

Branches:
Dungeon (15/15)            Temple (0/1) D:5            Lair (6/6) D:8
  Swamp (4/4) Lair:3        Snake (0/4) Lair:4        Slime (0/5) Lair:6
    Orc (2/2) D:10            Elf (0/3) Orc:2        Vaults (0/5) D:14
 Depths (0/4) D:15         Bailey (visited)           IceCv (visited)
Volcano (visited)

Altars:
Cheibriados
Hepliaklqana
Okawaru
Ru
Sif Muna
Uskayaw
Zin
The Shining One
Beogh
Lugonu

Shops:
D:3 =   D:11 *   D:13 [*(=   D:15 (   Orc:1 *   Orc:2 (**:

Annotations:
D:9 2 transporters
Lair:1 2 transporters, exclusion: ice statue
Lair:6 exclusion: oklob plant
Swamp:4 Lernaean hydra


Innate Abilities, Weirdness & Mutations

You have a pair of horns on your head.
You reflexively headbutt those who attack you in melee.


Message History

The swamp drake completely misses something.
The swamp drake bites your eight-headed hydra.
Your eight-headed hydra bites the six-headed hydra.
Your eight-headed hydra bites the six-headed hydra! x2
Your eight-headed hydra bites the six-headed hydra.
Your eight-headed hydra bites the six-headed hydra!!
Your eight-headed hydra bites the six-headed hydra.
Your eight-headed hydra bites the six-headed hydra! x2
The six-headed hydra dies!
Trog accepts your kill.
You enter the shallow water.
Moving in this stuff is going to be slow. ...and don't expect to remain undetected.
Your vampire mosquito closely misses the swamp drake.
Your vampire mosquito completely misses the swamp drake.
The swamp dragon bites your vampire mosquito!
The swamp dragon completely misses your vampire mosquito.
The swamp dragon tramples your vampire mosquito.
Your vampire mosquito holds its ground!
The eight-headed hydra bites your vampire mosquito!
The eight-headed hydra bites your vampire mosquito but does no damage.
The eight-headed hydra bites your vampire mosquito!
Your vampire mosquito is destroyed!
Your vampire mosquito's corpse dissolves into shadows!
The swamp dragon bites your eight-headed hydra!!
The swamp dragon claws your eight-headed hydra!
Your eight-headed hydra dies!
Your eight-headed hydra's corpse dissolves into shadows!
The 27-headed Lernaean hydra bites you but does no damage. x3
The 27-headed Lernaean hydra completely misses you.
The 27-headed Lernaean hydra bites you!
* * * LOW HITPOINT WARNING * * *
The 27-headed Lernaean hydra bites you but does no damage. x2
The 27-headed Lernaean hydra misses you.
The 27-headed Lernaean hydra bites you but does no damage.
The 27-headed Lernaean hydra closely misses you.
The 27-headed Lernaean hydra bites you but does no damage.
The 27-headed Lernaean hydra completely misses you.
The 27-headed Lernaean hydra bites you!
You die...

♣♣♣♣≈≈≈≈.....≈...?.,,,,,,,,≈≈*
♣.≈≈≈§≈§≈D♣≈.♣..♣≈≈≈,≈,,,,**
♣♣.≈≈R≈DD♣D...♣≈≈≈♣≈,,≈,***
♣♣♣♣♣♣k≈♣...≈≈≈≈≈≈≈≈≈,,***
♣≈.≈....≈≈≈≈≈≈≈*≈,≈≈,**
♣♣≈.D.≈§≈≈≈≈≈≈*,≈,≈,≈≈*
♣♣♣.k≈≈.w≈≈≈≈,≈≈,**,**
♣♣D....♣≈≈♣**,*****
♣♣@.≈≈.≈≈.**** ♣≈...≈...♣*
♣≈≈≈.≈§≈.♣* ♣♣.≈..♣.≈.**
♣♣♣≈≈≈≈.≈,** *♣≈♣♣.≈≈,*
*♣♣,,.,≈* **,*≈** *****


You could see the 27-headed Lernaean hydra, an eight-headed hydra, a six-headed
hydra, 3 swamp dragons, a swamp worm and 2 swamp drakes.

Vanquished Creatures
  2 tentacled monstrosities
  2 tentacled starspawn (Abyss:2)
  Frances (D:13)
  Kirke (D:13)
  A fenstrider witch (Swamp:3)
  An orc warlord (Orc:2)
  A caustic shrike zombie (Abyss:2)
  5 eleionomae
  Azrael (D:13)
  4 bunyips
  A fire dragon (Lair:6)
  Josephine (D:13)
  A great orb of eyes (Abyss:2)
  15 hydras
  2 vault guards (Bailey)
  2 ghost crabs
  An ice dragon (Lair:6)
  6 boulder beetles
  4 centaur warriors
  2 ironbound frosthearts (IceCv)
  A catoblepas (Lair:3)
  A death knight (D:12)
  2 ogre magi (D:15)
  An anaconda (D:15)
  2 dancing weapons (D:14)
  5 alligators
  14 two-headed ogres
  2 death yaks (IceCv)
  A tengu warrior (D:13)
  6 orc high priests
  A wretched star (Abyss:2)
  A spatial maelstrom (Abyss:2)
  A goliath frog (Swamp:3)
  3 skeletal warriors (D:14)
  2 bog bodies (Lair:3)
  6 swamp dragons
  2 starcursed masses (Abyss:2)
  4 spriggan druids
  A phantasmal warrior (D:11)
  3 lindwurms
  Pikel (D:5)
  2 necromancers
  3 deep elf pyromancers
  3 ugly things
  An oklob plant (Lair:4)
  8 orc sorcerers
  3 orc knights (Orc:2)
  4 will-o-the-wisps
  12 elephants
  A manticore (D:13)
  4 cyclopes
  3 black mambas
  Joseph (D:7)
  A smoke demon (Abyss:2)
  5 torpor snails (Lair:6)
  An ice statue (IceCv)
  4 gargoyles
  19 cane toads
  A molten gargoyle (Volcano)
  An orange demon (Abyss:2)
  4 rime drakes
  2 unseen horrors
  A kobold demonologist (D:11)
  An efreet (Abyss:2)
  A centaur skeleton (D:15)
  2 ice devils (D:11)
  A hellion (Abyss:2)
  Maggie (Lair:2)
  4 komodo dragons
  3 freezing wraiths
  13 polar bears
  A hydra skeleton (Abyss:2)
  4 trolls
  12 hornets
  10 tyrant leeches
  Grinder (D:5)
  Prince Ribbit (Bailey)
  6 dream sheep
  3 slime creatures (D:15)
  6 raiju (Abyss:2)
  Sigmund (D:2)
  A shadow (D:12)
  3 spriggans
  6 humans (Bailey)
  A vampire (D:14)
  6 water elementals (D:14)
  A yak (shapeshifter) (D:15)
  A golden eye (Abyss:2)
  4 wyverns
  2 small abominations (Abyss:2)
  2 hogs (D:13)
  15 wraiths
  60 yaks
  3 fire elementals
  18 vampire mosquitoes
  4 steam dragons
  A chaos spawn (Abyss:2)
  9 basilisks
  2 large abominations (Abyss:2)
  5 nagas (Lair:4)
  16 swamp worms
  4 wargs
  2 acid dragons
  3 hell hounds (D:13)
  48 orc warriors
  11 water moccasins
  2 swamp drakes
  An ice beast (D:6)
  10 black bears
  A black bear (shapeshifter) (D:15)
  2 necrophages
  5 boggarts (D:15)
  18 ogres
  27 wolves
  10 centaurs
  4 lemures (D:5)
  6 kobold brigands
  3 phantoms
  25 bullfrogs
  A gnoll sergeant (D:5)
  3 scorpions
  A water moccasin zombie (D:5)
  A hornet simulacrum (D:15)
  23 killer bees
  13 wights
  A howler monkey (D:8)
  6 electric eels
  4 centaur zombies
  30 orc priests
  A bullfrog skeleton (D:6)
  A hound (D:5)
  4 jellies
  Terence (D:2)
  4 iguanas
  20 orc wizards
  A yak simulacrum (D:14)
  6 polar bear simulacra (D:14)
  2 wolf simulacra (D:14)
  2 hound skeletons (D:4)
  A howler monkey skeleton (D:7)
  6 adders
  20 gnolls
  A shadow imp (D:7)
  2 white imps
  An ufetubus (D:7)
  An adder skeleton (D:4)
  2 worms
  A dart slug (D:4)
  104 orcs
  5 ball pythons
  7 bats
  16 endoplasms
  6 giant cockroaches
  13 goblins
  16 hobgoblins
  2 jackals (D:4)
  39 kobolds
  3 quokkas
  3 frilled lizards
  8 rats
  2 river rat simulacra (D:14)
  A starspawn tentacle (Abyss:2)
996 creatures vanquished.

Vanquished Creatures (collateral kills)
  A hydra (Swamp:4)
  A swamp dragon (Swamp:3)
  An orc sorcerer (D:15)
  A wizard (D:15)
  A swamp drake (Swamp:4)
5 creatures vanquished.

Vanquished Creatures (others)
  A goliath frog (Swamp:3)
  2 bloated husks
  A centaur simulacrum (D:15)
  A human (D:13)
  A swamp worm (Swamp:2)
  2 orc priests (Orc:2)
  A bush (Lair:4)
  12 foxfires
  29 fungi
  62 plants
  13 starspawn tentacles (Abyss:2)
125 creatures vanquished.

Grand Total: 1126 creatures vanquished

Notes
Turn   | Place    | Note
-------+----------+-------------------------------------------
     0 | D:1      | cbfl8 the Minotaur Berserker began the quest for the Orb.
     0 | D:1      | Reached XP level 1. HP: 19/19 MP: 0/0
   210 | D:1      | Reached XP level 2. HP: 27/27 MP: 1/1
   322 | D:1      | Reached skill level 4 in Axes
   682 | D:1      | Found a faded altar of an unknown god.
   940 | D:2      | Noticed Sigmund
   949 | D:2      | Killed Sigmund
   950 | D:2      | Reached skill level 5 in Fighting
   950 | D:2      | Reached skill level 5 in Axes
   950 | D:2      | Reached XP level 3. HP: 36/36 MP: 2/2
   950 | D:2      | Reached XP level 4. HP: 42/42 MP: 3/3
   950 | D:2      | Reached XP level 5. HP: 48/48 MP: 4/4
  1001 | D:2      | Reached ** piety under Trog
  1263 | D:2      | Noticed Terence
  1273 | D:2      | Killed Terence
  1292 | D:2      | Reached skill level 6 in Axes
  1568 | D:2      | Identified the +5 hand crossbow of Impermanence {penet,
                  | rPois Dex+2 Stlth-}
  2091 | D:3      | Found Deulyef's Jewellery Boutique.
  2168 | D:3      | Reached XP level 6. HP: 52/56 MP: 5/5
  2969 | D:3      | Found an iron altar of Okawaru.
  2970 | D:3      | Found a snail-covered altar of Cheibriados.
  2971 | D:3      | Found a hide-covered altar of Uskayaw.
  2972 | D:3      | Found a glowing silver altar of Zin.
  3219 | D:4      | Reached *** piety under Trog
  3332 | D:4      | Reached XP level 7. HP: 62/62 MP: 4/6
  3377 | D:4      | Reached skill level 7 in Axes
  3667 | D:4      | Reached **** piety under Trog
  3861 | D:4      | Reached skill level 8 in Axes
  4129 | D:5      | Entered Level 5 of the Dungeon
  4164 | D:5      | Reached skill level 5 in Armour
  4171 | D:5      | Reached XP level 8. HP: 59/71 MP: 3/7
  4505 | D:5      | Found a hazy altar of Hepliaklqana.
  4795 | D:6      | Reached skill level 9 in Axes
  5381 | D:5      | Noticed Grinder
  5392 | D:5      | Killed Grinder
  5393 | D:5      | Reached skill level 10 in Axes
  5577 | D:5      | Found a staircase to the Ecumenical Temple.
  5579 | D:5      | Noticed Pikel
  5594 | D:5      | Killed Pikel
  5595 | D:5      | Reached XP level 9. HP: 65/79 MP: 3/8
  5987 | D:5      | Reached skill level 11 in Axes
  6528 | D:7      | Found a flagged portal.
  6544 | Bailey   | Entered a bailey
  6647 | Bailey   | Reached skill level 1 in Stealth
  6650 | Bailey   | Reached skill level 5 in Dodging
  6654 | Bailey   | Reached skill level 12 in Axes
  6860 | Bailey   | Noticed Prince Ribbit
  6860 | Bailey   | Noticed a vault guard
  6873 | Bailey   | Killed Prince Ribbit
  6874 | Bailey   | Reached XP level 10. HP: 90/90 MP: 5/9
  6875 | Bailey   | Killed a vault guard
  7123 | Bailey   | Noticed a vault guard
  7136 | Bailey   | Killed a vault guard
  7137 | Bailey   | Reached skill level 13 in Axes
  7618 | D:7      | Noticed Joseph
  8055 | D:7      | Killed Joseph
  8062 | D:7      | Reached ***** piety under Trog
  8075 | D:7      | Paralysed by a wight for 3 turns
  9019 | D:8      | Reached skill level 14 in Axes
  9074 | D:8      | Noticed a boulder beetle
  9080 | D:8      | Killed a boulder beetle
  9379 | D:8      | Reached XP level 11. HP: 86/99 MP: 6/10
  9826 | D:8      | Found a staircase to the Lair.
  9834 | D:8      | Reached skill level 1 in Evocations
  9881 | D:8      | Reached skill level 10 in Armour
  9950 | D:8      | Reached skill level 10 in Fighting
  9954 | D:8      | Found a glowing golden altar of the Shining One.
  9954 | D:8      | Found a sacrificial altar of Ru.
 11080 | D:9      | Received a gift from Trog
 11195 | D:9      | Noticed a white ugly thing
 11198 | D:9      | Found a corrupted altar of Lugonu.
 11200 | D:9      | Noticed a white ugly thing
 11729 | D:9      | Found a transporter.
 11731 | D:9      | Found a transporter.
 11731 | D:9      | Noticed a brown ugly thing
 12206 | D:10     | Entered Level 10 of the Dungeon
 12212 | D:10     | Found a shimmering blue altar of Sif Muna.
 12277 | D:10     | Reached skill level 15 in Axes
 12309 | D:10     | Found a staircase to the Orcish Mines.
 12326 | D:10     | Identified a scroll of acquirement
 13128 | D:10     | Noticed a two-headed hydra
 13139 | D:10     | Killed an eight-headed hydra
 14123 | D:11     | Noticed a cyan ugly thing
 14123 | D:11     | Noticed a centaur warrior
 14132 | D:11     | Killed a cyan ugly thing
 14135 | D:11     | Killed a centaur warrior
 14214 | D:11     | Reached skill level 16 in Axes
 14414 | D:11     | Noticed a two-headed ogre
 14423 | D:11     | Killed a two-headed ogre
 14430 | D:11     | Reached XP level 12. HP: 65/110 MP: 7/11
 14465 | D:11     | Found a frozen archway.
 14672 | IceCv    | Entered an ice cave
 15917 | IceCv    | Reached skill level 17 in Axes
 16245 | IceCv    | Noticed an ironbound frostheart
 16245 | IceCv    | Noticed a death yak
 16245 | IceCv    | Noticed an ironbound frostheart
 16245 | IceCv    | Noticed a death yak
 16256 | IceCv    | Killed a death yak
 16266 | IceCv    | Killed an ironbound frostheart
 16862 | IceCv    | Killed an ironbound frostheart
 16880 | IceCv    | Killed a death yak
 17524 | D:11     | Found Jomettun's Assorted Antiques.
 17744 | D:11     | Reached skill level 18 in Axes
 17963 | D:11     | Reached XP level 13. HP: 110/119 MP: 9/12
 19819 | D:12     | Received a gift from Trog
 20367 | D:13     | Found Barghymp's General Store.
 20367 | D:13     | Found Mukk's Armour Shoppe.
 20370 | D:13     | Found Atun Nod's Jewellery Shoppe.
 20370 | D:13     | Found Ryjuor's Weapon Shoppe.
 20477 | D:13     | Noticed Kirke
 20485 | D:13     | Killed Kirke
 20521 | D:13     | Noticed Azrael
 20536 | D:13     | Reached skill level 19 in Axes
 20537 | D:13     | Killed Azrael
 20959 | D:13     | Noticed Josephine
 20972 | D:13     | Killed Josephine
 21508 | D:13     | Noticed Frances
 21518 | D:13     | Killed Frances
 22736 | D:14     | Reached XP level 14. HP: 100/132 MP: 9/13
 22904 | D:14     | Received a gift from Trog
 23198 | D:14     | Reached skill level 20 in Axes
 23374 | D:14     | Found a gate to the Vaults.
 24448 | D:15     | Entered Level 15 of the Dungeon
 25138 | D:15     | Found Alygokhlu's Weapon Boutique.
 25530 | D:15     | Cast into level 2 of the Abyss (a wizard)
 25922 | Abyss:2  | Noticed a starcursed mass
 25960 | Abyss:2  | Noticed a tentacled starspawn
 25965 | Abyss:2  | Killed a tentacled starspawn
 25985 | Abyss:2  | Noticed a tentacled starspawn
 26005 | Abyss:2  | HP: 6/126 [eidolon (10)]
 26005 | Abyss:2  | HP: 2/126 [eidolon (4)]
 26086 | Abyss:2  | Noticed a tentacled starspawn
 26109 | Abyss:2  | Killed a tentacled starspawn
 26112 | D:15     | Escaped the Abyss
 26398 | D:15     | Reached skill level 15 in Fighting
 26912 | D:15     | Found a staircase to the Depths.
 27154 | Lair:1   | Entered Level 1 of the Lair of Beasts
 27412 | Lair:1   | Reached skill level 5 in Stealth
 27553 | Lair:1   | Found a transporter.
 27636 | Lair:1   | Found a transporter.
 28237 | Lair:2   | Noticed Maggie
 28244 | Lair:2   | Killed Maggie
 28985 | Lair:3   | Found a staircase to the Swamp.
 29247 | Lair:3   | Reached XP level 15. HP: 141/141 MP: 14/14
 29252 | Lair:3   | Reached skill level 21 in Axes
 30321 | Lair:4   | Found a staircase to the Snake Pit.
 30326 | Lair:4   | Received a gift from Trog
 31464 | Lair:4   | Reached skill level 15 in Armour
 31913 | Lair:5   | You fall into a shaft and drop 1 floor!
 31913 | Lair:6   | Entered Level 6 of the Lair of Beasts
 32045 | Lair:6   | Found a dark tunnel.
 32055 | Volcano  | Entered a volcano
 32474 | Lair:6   | Found a staircase to the Slime Pits.
 34422 | Lair:6   | Found a runed translucent door.
 34474 | Lair:6   | Reached skill level 22 in Axes
 36343 | Orc:1    | Entered Level 1 of the Orcish Mines
 36351 | Orc:1    | Received a gift from Trog
 36996 | Orc:1    | Found Zeotammu's General Store.
 37173 | Orc:2    | Entered Level 2 of the Orcish Mines
 38017 | Orc:2    | Found Batzuzuicw's Antique Weapon Emporium.
 38253 | Orc:2    | Found Qepno's General Store.
 38331 | Orc:2    | Reached XP level 16. HP: 155/155 MP: 15/15
 39205 | Orc:2    | Found Cerastro's Assorted Antiques.
 39252 | Orc:2    | Found Ojegrafy's Book Shoppe.
 39271 | Orc:2    | Reached skill level 23 in Axes
 39672 | Orc:2    | Received a gift from Trog
 39969 | Orc:2    | Found a staircase to the Elven Halls.
 40543 | Swamp:1  | Entered Level 1 of the Swamp
 44066 | Swamp:3  | Noticed a tentacled monstrosity
 44073 | Swamp:3  | Killed a tentacled monstrosity
 44556 | Swamp:4  | Entered Level 4 of the Swamp
 44556 | Swamp:4  | Noticed a tentacled monstrosity
 44669 | Swamp:4  | Reached skill level 24 in Axes
 45122 | Swamp:4  | Killed a tentacled monstrosity
 45776 | Swamp:4  | Noticed the 27-headed Lernaean hydra
 45802 | Swamp:4  | Slain by the 27-headed Lernaean hydra

Illustrated notes

Levels and vault maps discovered:
D:1:      scummos_arrival_simple_fountains, layout_basic, serial_rivers,
          chequers_serial_rivers_large_b, chequers_serial_rivers_room_a,
          chequers_serial_rivers_room_b, chequers_serial_rivers_small_b,
          basic_ecumenical_altar
D:2:      layout_basic, uniq_sigmund, uniq_terence
D:3:      layout_rooms, mainiacjoe_overflow_alcove_3, serial_shops, shop,
          minmay_fountain_box, st_stairs_5, corexii_leaking_fountain
D:4:      minmay_goblin_kobold_castle, layout_rooms, item_on_display_a
D:5:      layout_basic, amcnicky_altar_gilded, minmay_temple_entry_stoned_glass,
          kennysheep_generic_room_7, uniq_pikel, uniq_grinder
D:6:      layout_basic
D:7:      layout_basic, enter_bailey_2, moated_statue, uniq_joseph
D:8:      layout_basic, gammafunk_temple_overflow_elements,
          grunt_lair_entry_orc_guard_hut, corner_web_ring
D:9:      gammafunk_corrupted_shrine, layout_irregular_city
D:10:     layout_loops_ring, nicolae_sif_muna_condensation, david_orc_1_choice,
          hangedman_ranch
D:11:     layout_basic, serial_shops, nicolae_shop_waterfront,
          portal_ice_cave_demonic_guard, st_stairs_11
D:12:     layout_stronghold
D:13:     layout_stronghold, minmay_shop_grid_forest, uniq_frances, uniq_kirke,
          uniq_azrael, uniq_josephine
D:14:     layout_basic, erik_vaults_1, eino_house_with_fridge
D:15:     grunt_enter_depths_magical_seal, layout_basic, serial_shops, shop
Lair:1:   layout_long_grid, nzn_ghost_randoct
Lair:2:   layout_gridlike, grunt_megastairs_1, uniq_maggie
Lair:3:   cheibrodos_lair_overgrown_chateau, layout_gridlike,
          nicolae_swamp_entry_splash_gauntlet, chequers_serial_rivers_micro_d,
          columned_hall_lemuel, infiniplex_staircase_pool
Lair:4:   layout_hall_layers, minmay_snake_entry_guardpost_medium, wad_woods_06,
          lemuel_fruit_tree
Lair:5:   layout_gridlike
Lair:6:   wormcave, layout_regular_city, guppyfry_lair_end_dragon,
          nicolae_slime_entry_slimehenge, lightli_volcano_entry_magma_tube
Swamp:1:  layout_basic_swamp, nicolae_swamp_trees_clearing
Swamp:2:  layout_falls_marsh, hangedman_swamp_ruin_wall, swamp_pool4
Swamp:3:  layout_falls_marsh, evilmike_swamp_ruin_house_2
Swamp:4:  swamp, layout_basic_swamp, swamp_pool1
Orc:1:    layout_caves, basic_altar, serial_shops, nicolae_shop_trees
Orc:2:    pubby_orc_utopia

Skill      XL: |  1  2  3  4  5  6  7  8  9 10 11 12 13 14 15 16 |
---------------+-------------------------------------------------+-----
Axes           | 5 6 8 10 12 14 16 18 19 20 22 24 | 24.2
Fighting       | 5 6 7 8 9 11 12 14 15 17 18 | 18.5
Armour         | 3 4 5 7 8 9 11 12 13 14 15 16 | 16.1
Dodging        | 3 4 5 6 7 8 9 |  9.7
Stealth        | 1 2 4 5 6 |  6.1
Evocations     | 1 2 |  2.7
Throwing       | |  0.4

Action                   |  1- 3 |  4- 6 |  7- 9 | 10-12 | 13-15 | 16-18 || total
-------------------------+-------+-------+-------+-------+-------+-------++-------
Melee: Hand axe          |    40 |    51 |       |       |       |       ||    91
       Headbutt          |     3 |    21 |    43 |   120 |   187 |    60 ||   434
       Punch             |       |     1 |     3 |     1 |       |       ||     5
       War axe           |       |    58 |   217 |     2 |       |       ||   277
       Broad axe         |       |       |       |   155 |       |       ||   155
       Battleaxe         |       |       |       |   378 |   537 |       ||   915
       Executioner's axe |       |       |       |       |   314 |   349 ||   663
Throw: Throwing net      |       |       |       |     1 |       |       ||     1
Invok: Berserk           |     1 |     3 |     4 |    11 |    18 |    11 ||    48
       Trog's Hand       |       |       |       |       |     6 |       ||     6
       Brothers in Arms  |       |       |       |       |       |     2 ||     2
Evoke: Wand              |       |       |       |     8 |    16 |     6 ||    30
  Use: Scroll            |       |       |     8 |    10 |    23 |    13 ||    54
       Potion            |       |       |       |       |     5 |     1 ||     6
 Stab: Distracted        |       |       |       |     1 |    14 |       ||    15
       Paralysed         |       |       |       |       |     3 |       ||     3
       Sleeping          |       |       |       |       |     7 |     3 ||    10
Armor: Animal skin       |     8 |       |       |       |       |       ||     8
       Ring mail         |     3 |     8 |       |       |       |       ||    11
       Scale mail        |       |    29 |    59 |   102 |       |       ||   190
       Ice dragon scales |       |       |       |    92 |   261 |   138 ||   491
Dodge: Dodged            |    26 |    90 |   196 |   504 |   590 |   316 ||  1722
